 Dungeon Crawl Stone Soup version 0.19.0 (webtiles) character file.

1234 Eucla the Slasher (level 8, -4/67 HPs)
             Began as a Demigod Skald on Nov 13, 2016.
             Slain by Duvessa
             ... wielding a +0 short sword
              (12 damage)
             ... on level 6 of the Dungeon.
             The game lasted 00:07:38 (5593 turns).

Eucla the Slasher (Demigod Skald)                   Turns: 5593, Time: 00:07:38

Health: -4/67      AC:  9    Str: 17    XL:     8   Next: 4%
Magic:  14/14      EV: 19    Int: 16    God:
Gold:   129        SH:  4    Dex: 17    Spells: 3 memorised, 3 levels left

rFire  + . .     SeeInvis .     e - +3 long sword
rCold  . . .     Gourm    .     g - +0 ring mail
rNeg   . . .     Faith    .     (no shield)
rPois  .         Spirit   .     (no helmet)
rElec  .         Reflect  .     (no cloak)
rCorr  .         Harm     .     o - +1 pair of gloves
MR     .....     Rnd*Tele +     m - +0 pair of boots (curse)
Stlth  +.........               (no amulet)
                                (no ring)
                                w - +6 ring of evasion

@: drained
A: hooves 2, large bone plates 1, fire resistance 1, high mp 2, shaggy fur 1,
teleportitis 1, evolution 1
a: no special abilities


You were on level 6 of the Dungeon.
You were hungry.

You visited 1 branch of the dungeon, and saw 6 of its levels.

You collected 326 gold pieces.
You spent 197 gold pieces at shops.

Inventory:

Hand Weapons
 a - a +0 falchion
 e - a +3 long sword (weapon)
Armour
 b - a +0 leather armour
 g - a +0 ring mail (worn)
 m - a cursed +0 pair of boots (worn)
 o - a +1 pair of gloves (worn)
Rods
 r - a +0 rod of ignition (13/13)
   (You found it on level 5 of the Dungeon)
Jewellery
 n - an uncursed amulet of harm
 w - a +6 ring of evasion (left hand)
Wands
 v - a wand of lightning (7/15)
 y - a wand of disintegration (18/24)
 D - a wand of lightning (5/15)
Scrolls
 d - a scroll of magic mapping {unknown}
 f - a scroll of fog {unknown}
 i - 3 scrolls of teleportation
 k - a scroll of recharging
 l - a scroll of blinking {unknown}
 q - 4 scrolls of amnesia {unknown}
 s - 2 scrolls of enchant armour {unknown}
 A - a scroll of identify
Potions
 h - a potion of heal wounds
 p - 2 potions of brilliance
 x - a potion of invisibility
 z - a potion of ambrosia {unknown}
 B - a potion of cancellation
Books
 c - a book of Battle

   Spells                             Type                      Level
   a - Infusion                       Charms                       1
   b - Shroud of Golubria             Charms/Translocation         2
   c - Song of Slaying                Charms                       2
   d - Spectral Weapon                Hexes/Charms                 3
   e - Regeneration                   Charms/Necromancy            3
Comestibles
 j - 3 meat rations
 t - 2 royal jellies
 u - 5 bread rations


   Skills:
 + Level 4.7(4.4) Fighting
 * Level 6.7(6.4) Long Blades
 - Level 0.8(0.6) Armour
 + Level 4.4(4.1) Dodging
 - Level 1.7(1.5) Spellcasting
 - Level 2.6(2.4) Charms


You had 3 spell levels left.
You knew the following spells:

 Your Spells              Type           Power        Failure   Level  Hunger
a - Infusion              Chrm           #...         17%         1    ##.....
b - Spectral Weapon       Hex/Chrm       #.......     77%         3    ####...
c - Regeneration          Chrm/Necr      #.........   77%         3    ####...


Dungeon Overview and Level Annotations

Branches:
Dungeon (6/15)
 Temple: D:4-7

Shops:
D:5 *

Annotations:
D:6 Duvessa


Innate Abilities, Weirdness & Mutations

You have a considerably increased reservoir of magic. (+20% MP)
You have hoof-like feet.
You are partially covered in large bone plates. (SH +4)
Your flesh is heat resistant. (rF+)
You are covered in fur. (AC +1)
You are occasionally teleported next to monsters.
You evolve.


Message History

The hound is almost dead.
Duvessa closely misses you. The hound misses you.
You riposte.
You hit the hound.
You kill the hound!
Duvessa hits you with a short sword!
* * * LOW HITPOINT WARNING * * *
You hit Duvessa.
Duvessa is severely wounded.
You block Duvessa's attack.
Unknown command.
You slash Duvessa!
Duvessa is almost dead.
Duvessa hits you with a short sword!
* * * LOW HITPOINT WARNING * * *
Duvessa barely misses you.
Unknown command.
You hit Duvessa but do no damage.
Duvessa is almost dead.
Duvessa hits you with a short sword!
You die...

..##.#.############.###.
# #.#.# #.....#..†..#.
#.#.# #.....#.###.#.
###.#+## #.......# #.#.
......###.....#.###.#.
##.....##.....#.....##
##.......###.##.######
#....†....#......######
+....e@)..'............
#.........#.<....######
##$......######..#
##.....## ##.# ##...##
#.# ##+## #.# #.# #.#
#.#


You could see Duvessa (berserk).

Vanquished Creatures
  The ghost of Jimmy the Conjurer, an amateur DECj (D:5)
  A phantom (D:4)
  3 sky beasts
  An ogre (D:5)
  A centaur (D:6)
  A bullfrog (D:6)
  Dowan (D:6)
  A howler monkey (D:6)
  An orc priest (D:6)
  A hound (D:6)
  A centaur skeleton (D:5)
  2 orc wizards
  An iguana (D:4)
  2 worker ants
  A hound skeleton (D:6)
  3 gnolls (D:2)
  5 adders
  A shadow imp (D:5)
  5 oozes
  An adder skeleton (D:5)
  3 worms
  3 dart slugs
  3 leopard geckos
  11 orcs
  8 giant cockroaches
  8 goblins
  10 hobgoblins
  5 jackals
  5 quokkas
  A ball python (D:3)
  13 bats
  2 frilled lizards
  A jackal skeleton (D:5)
  11 kobolds
  5 rats
  A spectral orc (D:2)
124 creatures vanquished.

Vanquished Creatures (others)
  A spectral weapon (D:2)
1 creature vanquished.

Grand Total: 125 creatures vanquished

Notes
Turn   | Place    | Note
-------+----------+-------------------------------------------
     0 | D:1      | Eucla the Demigod Skald began the quest for the Orb.
     0 | D:1      | Reached XP level 1. HP: 17/17 MP: 5/5
    13 | D:1      | Reached skill level 2 in Long Blades
    13 | D:1      | Reached skill level 1 in Dodging
   243 | D:1      | Reached XP level 2. HP: 24/24 MP: 7/7
   796 | D:1      | Reached XP level 3. HP: 23/29 MP: 8/8
  1010 | D:2      | Learned a level 3 spell: Spectral Weapon
  1128 | D:2      | Found a basalt altar of Yredelemnul.
  1290 | D:2      | Reached skill level 3 in Long Blades
  1445 | D:2      | Reached XP level 4. HP: 12/37 MP: 9/9
  2143 | D:3      | Found a faded altar of an unknown god.
  2194 | D:3      | Found a sacrificial altar of Ru.
  2597 | D:3      | Found a glowing silver altar of Zin.
  2876 | D:3      | Found a snail-covered altar of Cheibriados.
  2923 | D:3      | Found a burning altar of Makhleb.
  3075 | D:3      | Reached XP level 5. HP: 40/44 MP: 10/10
  3291 | D:4      | Reached skill level 4 in Long Blades
  3674 | D:4      | Gained mutation: You have sharp toenails. [potion of mutation]
  3674 | D:4      | Gained mutation: You are somewhat resistant to further mutation. [potion of mutation]
  3674 | D:4      | Gained mutation: You are partially covered in large bone plates. (SH +4) [potion of mutation]
  3684 | D:4      | Lost mutation: You have sharp toenails. [potion of cure mutation]
  3684 | D:4      | Lost mutation: You are somewhat resistant to further mutation. [potion of cure mutation]
  3685 | D:4      | Gained mutation: You have a pair of small horns on your head. [potion of beneficial mutation]
  3696 | D:4      | Gained mutation: You have large cloven feet. [potion of mutation]
  3696 | D:4      | Gained mutation: You have a considerably increased reservoir of magic. (+20% MP) [potion of mutation]
  4317 | D:4      | Learned a level 3 spell: Regeneration
  4343 | D:4      | Noticed a phantom
  4362 | D:4      | Killed a phantom
  4362 | D:4      | Reached XP level 6. HP: 45/51 MP: 12/12
  4423 | D:5      | Entered Level 5 of the Dungeon
  4572 | D:5      | Reached skill level 5 in Long Blades
  4649 | D:5      | Noticed Jimmy's ghost (amateur DECj)
  4661 | D:5      | Killed Jimmy's ghost
  4663 | D:5      | Reached XP level 7. HP: 24/58 MP: 13/13
  4842 | D:5      | Gained mutation: Your movements are slightly less encumbered by armour. (ER -2) [mutagenic meat]
  4843 | D:5      | Gained mutation: Your flesh is heat resistant. (rF+) [mutagenic meat]
  4844 | D:5      | Gained mutation: You are covered in fur. (AC +1) [mutagenic meat]
  4936 | D:5      | Gained mutation: You have hoof-like feet. [mutagenic meat]
  4937 | D:5      | Lost mutation: You have a pair of small horns on your head. [mutagenic meat]
  4989 | D:5      | Found Loabafom's Assorted Antiques.
  4994 | D:5      | Bought a scratched iron ring for 125 gold pieces
  4994 | D:5      | Bought a white potion for 22 gold pieces
  4994 | D:5      | Bought a scroll of identify for 50 gold pieces
  5129 | D:6      | Reached skill level 6 in Long Blades
  5135 | D:6      | Gained mutation: You evolve. [potion of mutation]
  5135 | D:6      | Lost mutation: Your movements are slightly less encumbered by armour. (ER -2) [potion of mutation]
  5234 | D:6      | Gained mutation: You are occasionally teleported next to monsters. [evolution]
  5574 | D:6      | Noticed Duvessa
  5574 | D:6      | Noticed Dowan
  5590 | D:6      | Killed Dowan
  5590 | D:6      | Reached XP level 8. HP: 33/67 MP: 14/14
  5593 | D:6      | Slain by Duvessa

Skill      XL: |  1  2  3  4  5  6  7 |
---------------+----------------------+-----
Long Blades    | 2 3 4 5 6 |  6.7
Dodging        | 1 2 3 4 |  4.4
Fighting       | 2 3 4 |  4.7
Armour         | |  0.8
Spellcasting   | |  1.7
Charms         | |  2.6

Action                   |  1- 3 |  4- 6 |  7- 9 || total
-------------------------+-------+-------+-------++-------
Melee: Falchion          |   146 |   219 |       ||   365
       Headbutt          |       |    20 |    11 ||    31
       Long sword        |       |    35 |   116 ||   151
       Kick              |       |    11 |       ||    11
 Cast: Spectral Weapon   |       |     1 |       ||     1
  Use: Potion            |       |    12 |     1 ||    13
       Scroll            |       |     6 |       ||     6
 Stab: Sleeping          |     1 |     2 |       ||     3
  Eat: Chunk             |     1 |     2 |    11 ||    14
       Bread ration      |       |     1 |       ||     1
       Beef jerky        |       |     1 |       ||     1
       Meat ration       |       |     1 |       ||     1
       Fruit             |       |     1 |       ||     1
Armor: Leather armour    |    61 |    56 |     6 ||   123
       Skin              |       |    22 |       ||    22
       Ring mail         |       |       |    33 ||    33
Dodge: Dodged            |   116 |   143 |    82 ||   341
Block: Other             |       |    15 |    16 ||    31
       Rpst.: Falchion   |    40 |    41 |       ||    81
       Long sword        |       |     6 |    23 ||    29
